 Dungeon Crawl Stone Soup version 0.13-a0-2884-gbbf8bdf (webtiles) character file.

4367 PolkaDot the Covert (level 10, -8/63 HPs)
             Began as a Vampire Enchanter on Aug 29, 2013.
             Was a Believer of Vehumet.
             Mangled by a yak (11 damage)
             ... on Level 9 of the Dungeon.
             The game lasted 00:43:29 (7219 turns).

PolkaDot the Covert (Vampire Enchanter)             Turns: 7219, Time: 00:43:29

HP  -8/63        AC  9     Str  7      XL: 10   Next:  2%
MP  17/24        EV 12     Int 24      God: Vehumet [**....]
Gold 386         SH  0     Dex 14      Spells:  5 memorised,  5 levels left

Res.Fire  : + . .   See Invis. : +   b - +2,+3 dagger (venom)
Res.Cold  : + + .   Warding    : .   j - +2 elf robe {rF+}
Life Prot.: + + +   Conserve   : .   (no shield)
Res.Poison: +       Res.Corr.  : .   (no helmet)
Res.Elec. : .       Clarity    : .   h - +2 cloak
Sust.Abil.: . .     Spirit.Shd : .   I - +0 pair of orc gauntlets
Res.Mut.  : .       Stasis     : .   C - +0 pair of boots
Res.Rott. : +       Flight     : .   u - amulet of rage
Saprovore : . . .                    E - +4 ring of intelligence
                                     m - ring of wizardry

@: non-regenerating, invisible, very slightly contaminated, somewhat resistant
to hostile enchantments, extraordinarily stealthy
A: bottle blood, fangs 3, see invisible, unbreathing
a: Bat Form, Bottle Blood, Renounce Religion, Evoke Berserk Rage


You were on level 9 of the Dungeon.
You worshipped Vehumet.
Vehumet was most pleased with you.
You were bloodless.

You visited 1 branch of the dungeon, and saw 9 of its levels.

You collected 366 gold pieces.

Inventory:

Hand weapons
 a - a +1,+1 sabre of protection
 b - a +2,+3 dagger of venom (weapon)
Missiles
 d - 12 darts (quivered)
Armour
 h - a +2 cloak (worn)
 j - a +2 elven robe of fire resistance (worn)
 C - a +0 pair of boots (worn)
 I - a +0 pair of orcish gauntlets (worn)
Magical devices
 e - a wand of random effects (14)
 l - a wand of teleportation (4)
 t - a wand of magic darts (17)
 F - a wand of enslavement (11)
Scrolls
 f - 8 scrolls of identify
 g - 2 scrolls of curse jewellery
 i - 7 scrolls of remove curse
 o - 2 scrolls of enchant weapon III {unknown}
 p - 3 scrolls of teleportation
 w - 2 scrolls of curse weapon {unknown}
 y - 2 scrolls of recharging
 A - 2 scrolls of enchant weapon II
 B - a scroll of immolation
 D - a scroll of fog
 G - a scroll of acquirement {unknown}
 J - a scroll of random uselessness {unknown}
Jewellery
 m - a ring of wizardry (left hand)
 q - an uncursed ring of sustenance
 u - an amulet of rage (around neck)
 E - a +4 ring of intelligence (right hand)
 H - an uncursed ring of ice
Potions
 k - 3 potions of curing
 n - a potion of restore abilities
 v - a potion of poison
 x - a potion of porridge
 z - 2 potions of berserk rage
Books
 c - a book of Maledictions

   Spells                             Type                      Level
   *Corona                            Hexes                        1
   Sure Blade                         Hexes/Charms                 2
   *Ensorcelled Hibernation           Hexes/Ice                    2
   *Confuse                           Hexes                        3
   *Enslavement                       Hexes                        4
   *Invisibility                      Hexes                        6
 r - a book of Power

   Spells                             Type                      Level
   Iskenderun's Mystic Blast          Conjuration                  4
   Venom Bolt                         Conjuration/Poison           5
   Bolt of Magma                      Conjuration/Fire/Earth       5
   Fulminant Prism                    Conjuration/Hexes            5
   Iron Shot                          Conjuration/Earth            6
   Orb of Destruction                 Conjuration                  7
 s - a book of Spatial Translocations

   Spells                             Type                      Level
   Apportation                        Translocation                1
   Portal Projectile                  Translocation                2
   Blink                              Translocation                2
   Shroud of Golubria                 Charms/Translocation         2
   Teleport Other                     Translocation                3
   Passage of Golubria                Translocation                4


   Skills:
 - Level 2.2 Short Blades
 - Level 0.7 Throwing
 - Level 2.1 Dodging
 + Level 12.5 Stealth
 + Level 6.4 Spellcasting
 - Level 10.4 Hexes
 * Level 6.6 Ice Magic


You had 5 spell levels left.
You knew the following spells:

 Your Spells              Type           Power        Failure   Level  Hunger
a - Corona                Hex            ######.      1%          1    None
d - Ensorcelled Hibernat  Hex/Ice        #####.       1%          2    None
f - Enslavement           Hex            ######..     1%          4    ###....
g - Invisibility          Hex            ######..     7%          6    ######.
s - Confuse               Hex            ######..     1%          3    #......


Dungeon Overview and Level Annotations

Branches:
Dungeon (9/27)             Temple (0/1) D:6            Lair (0/8) D:8
    Orc: D:6-11

Altars:
Vehumet
Xom
Beogh

Shops:
D:4 *   D:6 (   D:9 ?


Innate Abilities, Weirdness & Mutations

You do not heal naturally.
You can bottle blood from corpses.
You have razor-sharp teeth.*
You have supernaturally acute eyesight.
You can survive without breathing.*


Message History

The yak looks drowsy...
The orc barely misses you. The sky beast barely misses you. The yak gores you!
The yak closely misses you. The yak gores you!
* * * LOW HITPOINT WARNING * * *
The yak gores you but does no damage.
The helpless yak fails to defend itself.
You bite the yak, and draw its blood!
You feel better.
You feel slightly less thirsty.
You open the yak like a pillowcase!!!
You kill the yak!
Vehumet accepts your kill.
You have reached level 10!
The sky beast flickers out of sight for a moment.
The sky beast hits you.
* * * LOW HITPOINT WARNING * * *
The sky beast shocks you.
* * * LOW HITPOINT WARNING * * *
The yak misses you. The orc barely misses you. The yak gores you!
* * * LOW HITPOINT WARNING * * *
The yak misses you. The yak closely misses you. The yak gores you!
You die...

########
#.#
#....... #
#.#
#####'## #
#.# #.# #
#.# #>## #
##+#######
#..# #
#........#
##.# #
#........#
######%# #
#.>B.oYY.#
#....... #
#.....@Y.#
+....... #
#....IYY.+
#....... #
#........#
#....... ##
#......).#
######'# .#
#####'####
#^# .# #.##
#.. .# #..#
### .#####
#######'###
.....#
#.........#


You could see a goliath beetle (wandering), 5 yaks, a sky beast (invisible) and
an orc.

Vanquished Creatures
  A hill giant (D:7)
  5 yaks (D:9)
  4 orc warriors
  2 ice beasts
  A sky beast (D:6)
  4 ogres
  A black bear (D:9)
  3 centaurs
  Sigmund (D:6)
  4 giant frogs
  2 water moccasins (D:9)
  Blork the orc (D:4)
  3 wights (D:8)
  5 crimson imps
  A giant frog zombie (D:7)
  A hound (D:4)
  Crazy Yiuf (D:2)
  An iguana (D:7)
  4 orc priests
  2 giant frog skeletons (D:4)
  2 scorpions
  4 orc wizards
  8 worker ants
  4 worms
  A giant mite (D:7)
  2 adder zombies
  A giant centipede zombie (D:8)
  2 giant eyeballs
  2 giant geckos
  An ooze (D:1)
  22 orcs
  9 goblins
  7 hobgoblins
  3 quokkas
  A ball python (D:2)
  9 bats
  8 giant cockroaches
  6 giant newts
  14 jackals
  13 kobolds
  A quokka skeleton (D:7)
  12 rats
  A rat skeleton (D:5)
180 creatures vanquished.

Vanquished Creatures (others)
  6 orcs (D:9)
6 creatures vanquished.

Grand Total: 186 creatures vanquished

Notes
Turn   | Place    | Note
--------------------------------------------------------------
     0 | D:1      | PolkaDot, the Vampire Enchanter, began the quest for the Orb.
     0 | D:1      | Reached XP level 1. HP: 13/13 MP: 4/4
    93 | D:1      | Reached XP level 2. HP: 14/19 MP: 5/5
   108 | D:1      | Reached skill level 5 in Hexes
  1264 | D:2      | Reached XP level 3. HP: 24/24 MP: 6/6
  1273 | D:2      | Learned a level 3 spell: Confuse
  1477 | D:2      | Noticed Crazy Yiuf
  1532 | D:2      | Killed Crazy Yiuf
  1701 | D:2      | Reached XP level 4. HP: 27/30 MP: 8/8
  2504 | D:4      | Reached skill level 6 in Hexes
  2519 | D:4      | Reached skill level 5 in Stealth
  2630 | D:4      | Reached XP level 5. HP: 35/35 MP: 5/10
  2709 | D:4      | Noticed an ogre
  2719 | D:4      | Killed an ogre
  2725 | D:4      | Learned a level 4 spell: Enslavement
  2811 | D:4      | Noticed an ogre
  3013 | D:4      | Noticed Blork the orc
  3050 | D:4      | Killed Blork the orc
  3050 | D:4      | Reached skill level 7 in Hexes
  3050 | D:4      | Reached XP level 6. HP: 33/41 MP: 1/12
  3212 | D:4      | Killed an ogre
  3371 | D:4      | Found a radiant altar of Vehumet.
  3375 | D:4      | Became a worshipper of Vehumet
  3600 | D:4      | Found Edothad's Assorted Antiques.
  3646 | D:5      | Entered Level 5 of the Dungeon
  3655 | D:4      | Learned a level 2 spell: Ensorcelled Hibernation
  3960 | D:5      | Reached skill level 8 in Hexes
  3960 | D:5      | Reached XP level 7. HP: 41/46 MP: 0/14
  4411 | D:5      | Found a shimmering altar of Xom.
  4579 | D:6      | Noticed Sigmund
  4598 | D:6      | Killed Sigmund
  4598 | D:6      | Reached skill level 9 in Stealth
  4666 | D:6      | Found Seha's Weapon Emporium.
  4699 | D:6      | Found a staircase to the Ecumenical Temple.
  4753 | D:6      | Reached XP level 8. HP: 52/52 MP: 9/18
  4849 | D:6      | Acquired Vehumet's first power
  4849 | D:6      | Offered knowledge of Shock by Vehumet.
  5314 | D:7      | Noticed a hill giant
  5326 | D:7      | Killed a hill giant
  5326 | D:7      | Reached skill level 10 in Stealth
  5326 | D:7      | Reached skill level 10 in Hexes
  5657 | D:7      | Reached skill level 1 in Ice Magic
  5905 | D:8      | Reached skill level 11 in Stealth
  5913 | D:8      | Learned a level 6 spell: Invisibility
  5968 | D:7      | Reached skill level 5 in Spellcasting
  5968 | D:7      | Reached XP level 9. HP: 55/57 MP: 11/21
  6052 | D:8      | Found a staircase to the Lair.
  6810 | D:9      | Offered knowledge of Throw Frost by Vehumet.
  6812 | D:9      | Reached skill level 5 in Ice Magic
  6815 | D:9      | Reached skill level 12 in Stealth
  6824 | D:9      | Found Stridifie's Magic Scroll Shoppe.
  6891 | D:9      | Found a roughly hewn altar of Beogh.
  7219 | D:9      | Reached XP level 10. HP: 19/63 MP: 17/24
  7219 | D:9      | HP: 3/63 [yak (10)]
  7219 | D:9      | Mangled by a yak

Action                   |  1- 3 |  4- 6 |  7- 9 | 10-12 || total
-------------------------+-------+-------+-------+-------++-------
Melee: Dagger            |   153 |   175 |   171 |       ||   499
 Cast: Confuse           |     3 |    16 |     9 |       ||    28
       Ensorcelled Hiber |       |    11 |    41 |       ||    52
       Enslavement       |       |     1 |     3 |       ||     4
       Invisibility      |       |       |     5 |       ||     5
Evoke: Wand              |       |     1 |     1 |       ||     2
  Use: Potion            |     2 |     6 |     3 |       ||    11
       Scroll            |       |       |    20 |       ||    20
 Stab: Sleeping          |     6 |    13 |    58 |       ||    77
       Confused          |     2 |     7 |     6 |       ||    15
       Invisible         |       |       |    17 |       ||    17
       Betrayed ally     |       |       |     1 |       ||     1
